AoeStats
← 山水先生

Black Forest

509659852Analyzed
4v4 RM · 3d ago on Sep 27, 2026· 14m 17s· 8 players
Game mode
Random Map
Map size
Large (8 player)
Population
200
Speed
Normal
Resources
Standard
Victory
Conquest
Starting age
Dark Age
Ending age
Imperial Age
RankedLock teamsTeams togetherTeam positionsShared explorationLock speedFull tech treeHidden civsTurbo modeCheats
Victory
Defeat
🇨🇳 Bulgarians · China
1241
+12
1161
+15
🇨🇳 Spanish · China
1153
+16
🇧🇷 Khmer · Brazil
1124
+17
🇲🇽 Romans · Mexico
1171
-16
🇪🇸 Dravidians · Spain
1144
-15
🇫🇷 Portuguese · France
1140
-15
🇧🇷 Danes · Brazil
1131
-14
Von
7:22 Loom
10:51 Feudal Age
11:21 Double-Bit Axe
12:12 Wheelbarrow
13:22 Fishing Lines
Onizuka
2:33 Loom
11:27 Feudal Age
Ace
2:45 Loom
13:05 Feudal Age
PERMANED22
0:34 Loom
12:16 Feudal Age
16:18 Castle Age
Pygero
12:33 Feudal Age
15:19 Castle Age
13:47 Double-Bit Axe
法式奶油煎餅佐奶油泥
2:01 Loom
9:18 Feudal Age
10:38 Double-Bit Axe
11:05 Fletching
13:41 Horse Collar
钓你吗钓
4:08 Loom
10:01 Feudal Age
14:21 Castle Age
13:54 Stone Mining
山水先生
8:45 Loom
11:09 Feudal Age
15:01 Castle Age
13:20 Double-Bit Axe
Connection lost

Rejoining the realm…

Still unreachable

The connection could not be restored.

Session expired

The server has moved on; the page needs a fresh start.